[Event "7th Ali Ipek Memorial 2019"]
[Site "Ankara"]
[Date "2019.03.09"]
[Round "4.4"]
[White "Bingologlu, Furkan"]
[Black "Sekerci, Berkin"]
[Result "0-1"]
[ECO "C12"]
[WhiteElo "1578"]
[BlackElo "1711"]
[Annotator "NA"]
[PlyCount "86"]
[EventDate "2019.03.06"]
[EventType "swiss"]
[EventCountry "TUR"]
[SourceTitle "playchess.com"]
[Source "ChessBase"]
[SourceQuality "1"]
[TimeControl "5400+30"]

1. e4 e6 2. d4 d5 3. Nc3 Nf6 4. Bg5 Bb4 5. e5 h6 6. Bd2 Bxc3 7. bxc3 Ne4 8. Qg4 g6 9. Bd3 Nxd2 10. Kxd2 c5 11. h4 c4 12. Be2 Nd7 13. Nh3 Rb8 14. Nf4 Qe7 15. a3 b5 16. Rh3 a5 17. Rf3 Rg8 18. Nh5 Kd8 19. Nf6 Nxf6 20. Rxf6 b4 21. axb4 axb4 22. Qf3 Ke8 23. cxb4 Qxb4+ 24. Qc3 Ke7 25. Qxb4+ Rxb4 26. Kc3 Rb7 27. g3 h5 28. f3 Bd7 29. g4 Rh8 30. Rh1 Rbb8 31. f4 hxg4 32. Bxg4 Rh7 33. h5 Rbh8 34. Rg1 gxh5 35. Bh3 Ra8 36. Kd2 Ra3 37. Rh1 h4 38. Rh2 Rg3 39. Rh1 Rh5 40. Rh2 Bb5 41. f5 exf5 42. Bxf5 c3+ 43. Ke1 Rg1+ 0-1

[Event "7th Ali Ipek Memorial 2019"]
[Site "Ankara"]
[Date "2019.03.09"]
[Round "4.5"]
[White "Karabacak, Ceylin Deniz"]
[Black "Alkan, Omer Tarik"]
[Result "0-1"]
[ECO "B00"]
[WhiteElo "1392"]
[BlackElo "1717"]
[Annotator "NA"]
[PlyCount "64"]
[EventDate "2019.03.06"]
[EventType "swiss"]
[EventCountry "TUR"]
[SourceTitle "playchess.com"]
[Source "ChessBase"]
[SourceQuality "1"]
[TimeControl "5400+30"]

1. e4 b6 2. d4 Bb7 3. Nc3 e6 4. Be3 d5 5. exd5 exd5 6. Nf3 Nf6 7. h3 Be7 8. Bd3 O-O 9. O-O c5 10. Re1 Ba6 11. Bxa6 Nxa6 12. a3 Nc7 13. Ne5 Bd6 14. Bg5 h6 15. Bxf6 gxf6 16. Qg4+ Kh8 17. Nc6 Qc8 18. Qh5 Kg7 19. Nxd5 Nxd5 20. Qxd5 Qd7 21. Ne5 Qd8 22. Nc6 Bh2+ 23. Kxh2 Qxd5 24. Ne7 Qd7 25. dxc5 Rfe8 26. cxb6 axb6 27. c3 Rxe7 28. Red1 Qc7+ 29. Kg1 Re2 30. Rd4 Rae8 31. Rdd1 Qf4 32. Rf1 Rxb2 0-1

[Event "7th Ali Ipek Memorial 2019"]
[Site "Ankara"]
[Date "2019.03.09"]
[Round "4.6"]
[White "Coban, Eren Cinar"]
[Black "Kizilkus, Tanju"]
[Result "1-0"]
[ECO "B21"]
[WhiteElo "1693"]
[BlackElo "1571"]
[Annotator "NA RC"]
[PlyCount "45"]
[EventDate "2019.03.06"]
[EventType "swiss"]
[EventCountry "TUR"]
[SourceTitle "playchess.com"]
[Source "ChessBase"]
[SourceQuality "1"]
[TimeControl "5400+30"]

1. e4 c5 2. d4 cxd4 3. c3 dxc3 4. Nxc3 d6 5. Bc4 e6 6. Nf3 Nc6 7. O-O Nf6 8. Qe2 Be7 9. Rd1 e5 10. Bg5 Bg4 11. Qe3 Nd4 12. Nxd4 Bxd1 13. Nf5 Bg4 14. Bb5+ Kf8 15. Nxe7 Qxe7 16. Nd5 Nxd5 17. Bxe7+ Nxe7 18. Rc1 a6 19. Ba4 b5 20. Bb3 a5 21. Rc7 a4 22. Qg5 f6 23. Qxg4 1-0

[Event "7th Ali Ipek Memorial 2019"]
[Site "Ankara"]
[Date "2019.03.09"]
[Round "4.7"]
[White "Yuksel, Mahmut"]
[Black "Kizilkus, Akin"]
[Result "0-1"]
[ECO "C11"]
[WhiteElo "1720"]
[BlackElo "2004"]
[Annotator "NA"]
[PlyCount "96"]
[EventDate "2019.03.06"]
[EventType "swiss"]
[EventCountry "TUR"]
[SourceTitle "playchess.com"]
[Source "ChessBase"]
[SourceQuality "1"]
[TimeControl "5400+30"]

1. e4 e6 2. d4 d5 3. Nc3 Nf6 4. e5 Nfd7 5. f4 c5 6. Nf3 Nc6 7. Be3 Be7 8. Qd2 O-O 9. O-O-O {[%emt 0:00:30] C11: French: Classical System: 4 e5 and 4 Bg5 dxe4} (9. dxc5 $11 Bxc5 (9... Qa5 10. a3 Bxc5 11. Bxc5 Nxc5 12. Bd3 Bd7 13. O-O Nxd3 14. cxd3 Rac8 15. Qf2 Qa6 16. Rad1 b5 17. f5 exf5 18. Nxd5 {1-0 (37) Anand,V (2773)-Christiansen,J (2555) St Petersburg 2018}) 10. O-O-O) 9... c4 10. f5 {[%emt 0:04:30] [#]} b5 $1 11. f6 gxf6 12. exf6 Bxf6 ({Black should try} 12... Nxf6 $17 13. Bh6 Ng4 14. Bxf8 Bxf8) 13. Bh6 b4 {[%emt 0:04:30] LiveBook: 3 Games [#]} 14. Nb1 $146 ({Predecessor:} 14. Ne2 $17 Re8 15. Ng3 e5 16. Nh5 Bh8 {0-1 (27) Bogdanovich,S (2583)-Gasimov,P (2306) Baku 2017}) 14... Bg7 (14... Qa5 $19 15. Ne5 Ncxe5 16. dxe5 Nxe5) 15. h4 Bxh6 16. Qxh6 Qf6 17. Qe3 Ne7 (17... Bb7 $142 18. g4 e5 19. Nxe5 Ncxe5 20. dxe5 Nxe5) 18. g4 Ng6 19. h5 {[%emt 0:05:30] [#]} Qf4 $1 20. Kd2 {[%emt 0:00:30] [#]} Qxe3+ $1 ({Stronger than} 20... Qxg4 21. Be2 $16 (21. hxg6 fxg6 22. Ng5 Rf4 $16)) ({Not} 20... Nf6 21. Qxf4 Nxf4 22. Ke3 $11) 21. Kxe3 Ne7 22. Bh3 Rb8 23. g5 b3 24. axb3 cxb3 25. c3 Nb6 26. Nbd2 Nc6 27. Rdg1 Kg7 28. Rh2 a5 29. g6 fxg6 30. hxg6 hxg6 31. Ng5 Rh8 32. Rf2 Rb7 33. Bf1 e5 34. Nxb3 exd4+ 35. Nxd4 Nxd4 36. cxd4 $2 (36. Kxd4 $15 Rh4+ 37. Kc5) 36... Re8+ 37. Kf3 Rf8+ 38. Kg3 Rxf2 39. Kxf2 Na4 40. Bg2 Rxb2+ 41. Kg3 Nc3 $19 42. Bf3 Bf5 43. Rc1 Rc2 44. Ra1 a4 45. Kf4 Kf6 46. Bd1 Rd2 47. Rc1 Rxd4+ 48. Ke3 Rxd1 0-1

[Event "7th Ali Ipek Memorial 2019"]
[Site "Ankara"]
[Date "2019.03.09"]
[Round "4.8"]
[White "Karadag, Eflatun Cem"]
[Black "Pamuk, Yagiz"]
[Result "1-0"]
[ECO "B78"]
[WhiteElo "1879"]
[BlackElo "1366"]
[Annotator "NA RC"]
[PlyCount "55"]
[EventDate "2019.03.06"]
[EventType "swiss"]
[EventCountry "TUR"]
[SourceTitle "playchess.com"]
[Source "ChessBase"]
[SourceQuality "1"]
[TimeControl "5400+30"]

1. e4 c5 2. Nc3 g6 3. d4 Bg7 4. Nf3 cxd4 5. Nxd4 Nc6 6. Be3 Nf6 $1 7. f3 d6 (7... O-O $11) 8. Qd2 {[%emt 0:00:30] LiveBook: 3757 Games} Bd7 9. Bc4 Qc8 10. Bb3 O-O 11. O-O-O Nxd4 12. Bxd4 ({Don't play} 12. Qxd4 Ng4 $15) 12... b5 $146 {[%emt 0:00:30] B78: Sicilian Dragon: Yugoslav Attack, 9 Bc4 Bd7 10 0-0-0 Rc8} ({Predecessor:} 12... Be6 13. g4 Bxb3 14. axb3 h5 15. Bxf6 Bxf6 16. gxh5 Bxc3 17. bxc3 Qc5 18. hxg6 fxg6 19. Rhf1 Rac8 20. c4 {0-1 (28) Rostad,R (1813)-Tolda Andreu,E (1827) Drammen 2018}) 13. g4 a5 {[%emt 0:02:30] [#]} 14. h4 $2 {[%emt 0:06:30] [#]} (14. g5 $1 $16 {[%cal Rg5f6] and life is bright.} b4 15. Na4 (15. gxf6 bxc3 16. Bxc3 Bxf6 $16)) 14... b4 $2 (14... a4 $1 $17 {[%cal Ra4b3] keeps the pressure on.} 15. Nd5 axb3 16. Nxe7+ Kh8 17. Bxf6 (17. Nxc8 $2 {loses.} bxa2 18. Qb4 a1=Q+ $19) 17... Bxf6 18. Nxc8 bxa2 19. Qxd6 a1=Q+ 20. Kd2 Qa5+ 21. Ke3 Qd8 22. Qxd7 Qxc8 23. Qxc8 Rfxc8) 15. Nd5 Nxd5 16. Bxg7 ({Weaker is} 16. Bxd5 Bxd4 17. Qxd4 (17. Bxa8 Be5 $17) 17... Bc6 $14) 16... Kxg7 17. Bxd5 Bc6 {[%emt 0:01:30] [#]} 18. h5 $1 Rh8 $2 (18... Bxd5 19. exd5 Rh8 20. Qd4+ f6) 19. hxg6 h6 20. Bxf7 Ba4 21. Rh2 Qc5 22. Rh5 e5 23. Rdh1 Rac8 24. b3 Bd7 25. Bc4 Qd4 26. Qxd4 exd4 27. Rxa5 Kxg6 28. Rd5 $18 1-0

[Event "7th Ali Ipek Memorial 2019"]
[Site "Ankara"]
[Date "2019.03.09"]
[Round "4.9"]
[White "Kayan, Yasar Efe"]
[Black "Ercan, Mehmet Fahri"]
[Result "0-1"]
[ECO "B24"]
[WhiteElo "1516"]
[BlackElo "1934"]
[Annotator "NA"]
[PlyCount "230"]
[EventDate "2019.03.06"]
[EventType "swiss"]
[EventCountry "TUR"]
[SourceTitle "playchess.com"]
[Source "ChessBase"]
[SourceQuality "1"]
[TimeControl "5400+30"]

1. e4 c5 2. Nc3 Nc6 3. g3 d6 4. Bg2 Nf6 5. d3 e6 6. f4 d5 {[%emt 0:02:00] B24: Closed Sicilian: 3 g3 sidelines} 7. e5 Nd7 8. Nf3 a6 (8... Be7 9. O-O O-O 10. a3 b6 11. Qe2 Ba6 {1-0 (48) Siebarth,R (2421)-Grimberg,B (2386) playchess.com INT 2011}) 9. O-O b5 10. Ng5 $146 ({Predecessor:} 10. Ne2 Be7 11. c3 a5 12. g4 g6 13. Ng3 Qc7 {0-1 (30) Schmidt,M (2107)-Wolf,U (2126) Eppelborn 2008}) 10... Be7 (10... Nb6 $1 $11) 11. Nxd5 Bxg5 {[%emt 0:03:30] [#]} 12. Nf6+ ({Inferior is} 12. fxg5 exd5 13. c4 (13. Bxd5 $2 Ndxe5 {[%mdl 64] Discovered Attack} 14. Bxc6+ Nxc6 $19) 13... Nb6 $17) ({White should play} 12. Nc3 $1 $16 Bb7 13. fxg5) 12... Bxf6 13. Bxc6 Ra7 14. exf6 Qxf6 15. Be3 Rc7 16. Qf3 O-O 17. c3 Qg6 (17... Qe7 $5 ) 18. d4 Nb8 ({Better is} 18... cxd4 $11 19. cxd4 (19. Bxd4 e5 $11) 19... Qc2) 19. d5 (19. Be4 $16 f5 20. Ba8) 19... Rd8 (19... Nxc6 $11 20. dxc6 e5) 20. Bxc5 $19 (20. f5 $16 {and life is bright.} Qf6 21. fxe6 Qxf3 22. Rxf3 Bxe6 23. Bf4 (23. dxe6 Nxc6 24. Bxc5 Ne5 $16) (23. Bxc5 Bxd5 24. Bxd5 Rxd5 $11) 23... Rxc6 24. dxc6 Nxc6 25. Rff1) 20... exd5 21. Bb6 Qxc6 22. Bxc7 Qxc7 23. h4 Bb7 24. Rad1 Nd7 25. Rfe1 Nf6 26. Rd4 Bc8 27. Qe3 Be6 28. f5 Bd7 29. g4 Re8 30. Qf2 Ne4 31. Qe3 Bc6 32. Qf3 h6 33. Re3 Qe7 34. f6 Qxf6 35. Qxf6 Nxf6 36. Rxe8+ Nxe8 37. Kf2 Nc7 38. b3 Ne6 39. Rd2 Nc5 40. Ke3 Kf8 41. Rc2 Ke7 42. c4 dxc4 43. bxc4 b4 44. Rb2 a5 45. Kd4 Kd6 46. Rf2 f6 47. Rf5 Ne6+ 48. Kd3 a4 49. c5+ Nxc5+ 50. Kc4 b3 51. axb3 axb3 52. Kc3 Bd5 53. Rf1 Ne4+ 54. Kb2 Nd2 55. Ra1 Nf3 56. Ra7 g6 57. Rh7 Ne5 58. Rxh6 Bf7 59. h5 Nxg4 60. Rh7 Ne5 61. h6 Ke7 62. Rh8 g5 63. h7 Bg6 64. Re8+ Bxe8 65. h8=Q Bf7 66. Qh1 g4 67. Qb7+ Kf8 68. Qc8+ Kg7 69. Qf5 Nc4+ 70. Kc3 Ne5 71. Kb2 Bg6 72. Qc8 Bf7 73. Ka1 Kg6 74. Qc3 Bc4 75. Kb2 Be6 76. Kc1 Kf5 77. Kd1 Bd5 78. Qd4 Be4 79. Qf2+ Bf3+ 80. Kd2 Nc4+ 81. Kc3 b2 82. Kc2 Ke5 83. Qc5+ Bd5 84. Qe7+ Be6 85. Qc7+ Kf5 86. Qh7+ Kf4 87. Qh6+ Ke5 88. Qh2+ Kd5 89. Qf4 f5 90. Qf2 Ke4 91. Qe2+ Ne3+ 92. Kxb2 Bc4 93. Qe1 Kf3 94. Kc3 Be2 95. Qh1+ Kf2 96. Qh4+ Kf3 97. Qh1+ Kg3 98. Qe1+ Kf3 99. Qh1+ Ng2 100. Kd2 Kf2 101. Qh5 f4 102. Qc5+ Ne3 103. Qd4 Kf3 104. Qh8 Bf1 105. Ke1 Bh3 106. Qa8+ Kg3 107. Qh1 Ng2+ 108. Kf1 Nh4+ 109. Ke1 Bg2 110. Qxh4+ Kxh4 111. Kf2 Ba8 112. Kg1 Kh3 113. Kf1 Kh2 114. Ke1 f3 115. Kf2 g3+ 0-1

[Event "7th Ali Ipek Memorial 2019"]
[Site "Ankara"]
[Date "2019.03.09"]
[Round "4.10"]
[White "Turkmen, Erkan"]
[Black "Severcan, Sedat Sabri"]
[Result "0-1"]
[ECO "B90"]
[WhiteElo "1403"]
[BlackElo "1927"]
[Annotator "NA"]
[PlyCount "118"]
[EventDate "2019.03.06"]
[EventType "swiss"]
[EventCountry "TUR"]
[SourceTitle "playchess.com"]
[Source "ChessBase"]
[SourceQuality "1"]
[TimeControl "5400+30"]

1. e4 c5 2. Nf3 d6 3. d4 cxd4 4. Nxd4 Nf6 5. Nc3 a6 6. Be3 e5 7. Nb3 Be6 8. Qd2 Nbd7 9. O-O-O {[%emt 0:00:00] LiveBook: 300 Games B90: Sicilian Najdorf: Unusual White 6th moves, 6 Be3 Ng4 and 6 Be3 e5} Rc8 10. Kb1 b5 11. f3 h5 12. Be2 (12. g3 Be7 13. Nd5 Nxd5 14. exd5 Bf5 15. Bd3 Bxd3 16. Qxd3 O-O 17. Rhg1 f5 18. h3 {1-0 (47) Aronian,L (2767)-Vachier Lagrave,M (2779) Saint Louis 2018}) 12... Nb6 13. Na5 $146 ({Predecessor:} 13. g3 Nc4 14. Bxc4 bxc4 15. Nc1 Rb8 16. Ka1 Be7 17. N1e2 Qc7 18. Rhg1 O-O {0-1 (28) Kombar,M (1851)-Tahay,A (2312) St Petersburg 2018}) 13... Qc7 $1 14. Bxb5+ axb5 15. Nxb5 Qb8 16. Nxd6+ Bxd6 17. Qxd6 Na4 18. Qxb8 Rxb8 19. Nb3 O-O 20. Rd6 Rfc8 21. Rhd1 Kf8 22. Ra6 Bxb3 23. axb3 Nc5 24. Ra5 Ncd7 25. Ra7 Ke8 26. Rd6 Nc5 27. Ra5 Nfd7 28. Rd5 Ne6 29. Ra7 Nc7 30. Rd2 f6 31. Rd3 Nf8 32. Bc5 Nfe6 33. Bd6 Ra8 34. Rb7 Ra6 35. Ba3 Rd8 36. Rxd8+ Kxd8 37. c3 $17 Kc8 38. Rb4 g5 39. Kc2 h4 40. Rc4 Kd7 41. b4 Ra8 42. Kb3 Nb5 43. g3 hxg3 44. hxg3 Nd6 45. Rc5 Nxc5+ 46. bxc5 Nb7 47. c6+ Kxc6 48. Be7 Nc5+ 49. Kc4 Nd7 50. b4 Re8 51. b5+ Kc7 52. Bb4 Rh8 53. Kd5 Rh3 54. Ba5+ Kb7 55. Kd6 Nb6 56. Kc5 Na4+ 57. Kb4 Nxc3 58. Kxc3 Rxg3 59. Kc4 Rxf3 0-1

[Event "7th Ali Ipek Memorial 2019"]
[Site "Ankara"]
[Date "2019.03.09"]
[Round "4.12"]
[White "Dikilitas, Beren"]
[Black "Kayaman, Metin"]
[Result "1-0"]
[ECO "B56"]
[WhiteElo "1313"]
[BlackElo "1667"]
[Annotator "NA"]
[PlyCount "111"]
[EventDate "2019.03.06"]
[EventType "swiss"]
[EventCountry "TUR"]
[SourceTitle "playchess.com"]
[Source "ChessBase"]
[SourceQuality "1"]
[TimeControl "5400+30"]

1. e4 c5 2. Nf3 Nc6 3. d4 cxd4 4. Nxd4 Nf6 5. Nc3 d6 6. Be3 e5 7. Nb3 Be7 8. f3 Be6 9. Qd2 a6 10. Nd5 Bxd5 11. exd5 Nb8 12. O-O-O Nbd7 13. g4 Nb6 14. Qa5 Nfd7 15. Kb1 Rc8 16. Bf2 Qc7 17. Bd3 Nc4 18. Qxc7 Rxc7 19. Bxc4 Rxc4 20. Nd2 Rc7 21. h4 h5 22. g5 g6 23. Ne4 O-O 24. Rhg1 Rfc8 25. c3 b5 26. b3 a5 27. Ka1 Kf8 28. Kb1 Ke8 29. Ka1 Kd8 30. Kb1 Rb7 31. Ka1 Nb6 32. Kb1 Kd7 33. Ka1 Bd8 34. Be3 a4 35. Kb2 axb3 36. axb3 Ra8 37. f4 Rba7 38. fxe5 Ra2+ 39. Kc1 Ra1+ 40. Kc2 R8a2+ 41. Kd3 Rxd1+ 42. Rxd1 dxe5 43. Nc5+ Ke8 44. Ke4 Re2 45. Rd2 Re1 46. Nd3 Rh1 47. Bxb6 Rxh4+ 48. Kxe5 Bxb6 49. Re2 Kf8 50. d6 Rg4 51. d7 Rxg5+ 52. Kd6 Rg3 53. Re8+ Kg7 54. Ne5 Rg1 55. Kc6 Ba5 56. b4 1-0

[Event "7th Ali Ipek Memorial 2019"]
[Site "Ankara"]
[Date "2019.03.09"]
[Round "5.1"]
[White "Taspinar, Yanki"]
[Black "Guven, Oguz Kagan"]
[Result "1/2-1/2"]
[ECO "B90"]
[WhiteElo "1792"]
[BlackElo "2096"]
[Annotator "NA"]
[PlyCount "63"]
[EventDate "2019.03.06"]
[EventType "swiss"]
[EventCountry "TUR"]
[SourceTitle "playchess.com"]
[Source "ChessBase"]
[SourceQuality "1"]
[TimeControl "5400+30"]

1. e4 c5 2. Nf3 d6 3. d4 cxd4 4. Nxd4 Nf6 5. Nc3 a6 6. Be3 e5 7. Nb3 Be6 8. f3 h5 9. Qd2 Nbd7 10. O-O-O b5 11. Kb1 Nb6 12. Qf2 Nc4 13. Bxc4 bxc4 14. Bb6 Qb8 15. Na5 Nd7 16. Na4 Be7 17. Ka1 Qc8 18. b3 Rb8 19. g3 O-O 20. Rd2 cxb3 21. cxb3 Nxb6 22. Rc2 Qe8 23. Nxb6 Bd8 24. Rc6 d5 25. exd5 Bxb6 26. Rxb6 Bxd5 27. Rxb8 Qxb8 28. Nc4 Qc7 29. Rd1 Be6 30. Qe3 Bxc4 31. Rc1 Qd6 32. bxc4 1/2-1/2

[Event "7th Ali Ipek Memorial 2019"]
[Site "Ankara"]
[Date "2019.03.09"]
[Round "5.2"]
[White "Sekerci, Berkin"]
[Black "Buker, Muhittin"]
[Result "1-0"]
[ECO "C01"]
[WhiteElo "1711"]
[BlackElo "2009"]
[Annotator "NA"]
[PlyCount "119"]
[EventDate "2019.03.06"]
[EventType "swiss"]
[EventCountry "TUR"]
[SourceTitle "playchess.com"]
[Source "ChessBase"]
[SourceQuality "1"]
[TimeControl "5400+30"]

1. e4 e5 2. Nf3 Nf6 3. Nxe5 d6 4. Nf3 Nxe4 5. d3 Nf6 6. d4 d5 7. Bd3 Bd6 8. O-O O-O 9. Bg5 Bg4 10. Nbd2 Nbd7 11. c3 c5 12. Qc2 Qc7 13. dxc5 Bxc5 14. Rfe1 Rfe8 15. Bf5 Qb6 16. Rxe8+ Rxe8 17. Bh4 Re2 18. Kf1 Bxf3 19. gxf3 Bxf2 20. Kxe2 Qe3+ 21. Kf1 Bxh4 22. Kg2 Qf2+ 23. Kh1 Bg5 24. Nf1 Qxf3+ 25. Kg1 Be3+ 26. Nxe3 Qxe3+ 27. Qf2 Qg5+ 28. Kh1 Ne4 29. Bxe4 dxe4 30. Rd1 Nf8 31. Rf1 Qd5 32. b3 e3+ 33. Qg2 Qe5 34. c4 Ne6 35. Qxb7 f5 36. Qd5 Qxd5+ 37. cxd5 Nd4 38. Kg2 g5 39. Rd1 e2 40. Re1 f4 41. Kf2 f3 42. Rc1 Kf8 43. Rc4 Nf5 44. Re4 Nd6 45. Re6 Nb5 46. Rf6+ Ke7 47. Rxf3 Kd6 48. Rd3 Nc7 49. Kxe2 Nxd5 50. Kf3 Ke5 51. Rxd5+ Kxd5 52. Kg4 Kd4 53. Kxg5 Kc3 54. Kh6 Kb2 55. Kxh7 Kxa2 56. Kg6 Kxb3 57. h4 a5 58. h5 a4 59. h6 a3 60. h7 1-0

[Event "7th Ali Ipek Memorial 2019"]
[Site "Ankara"]
[Date "2019.03.09"]
[Round "5.3"]
[White "Alkan, Omer Tarik"]
[Black "Karadag, Eflatun Cem"]
[Result "1-0"]
[ECO "C56"]
[WhiteElo "1717"]
[BlackElo "1879"]
[Annotator "NA"]
[PlyCount "69"]
[EventDate "2019.03.06"]
[EventType "swiss"]
[EventCountry "TUR"]
[SourceTitle "playchess.com"]
[Source "ChessBase"]
[SourceQuality "1"]
[TimeControl "5400+30"]

1. e4 e5 2. Nf3 Nc6 3. d4 exd4 4. Bc4 Nf6 5. e5 d5 6. Bb5 Ne4 7. Nxd4 Bd7 8. Bxc6 bxc6 9. O-O Bc5 10. f3 Ng5 11. Be3 O-O 12. f4 Ne4 13. Nd2 Nxd2 14. Qxd2 f6 15. Nf3 Bb6 16. Rae1 Re8 17. a4 Rb8 18. b3 Bg4 19. Bxb6 cxb6 20. Nd4 Qd7 21. h3 Bf5 22. g4 Be4 23. exf6 c5 24. Ne2 d4 25. Ng3 Bb7 26. Nf5 gxf6 27. Qf2 Qd5 28. Kh2 Kf8 29. Rg1 Rxe1 30. Rxe1 Qc6 31. Qe2 Qc7 32. Kg3 Bc6 33. Qe6 Be8 34. Qxf6+ Qf7 35. Qd6+ 1-0

[Event "7th Ali Ipek Memorial 2019"]
[Site "Ankara"]
[Date "2019.03.09"]
[Round "5.4"]
[White "Ercan, Mehmet Fahri"]
[Black "Coban, Eren Cinar"]
[Result "1-0"]
[ECO "A34"]
[WhiteElo "1934"]
[BlackElo "1693"]
[Annotator "NA"]
[PlyCount "81"]
[EventDate "2019.03.06"]
[EventType "swiss"]
[EventCountry "TUR"]
[SourceTitle "playchess.com"]
[Source "ChessBase"]
[SourceQuality "1"]
[TimeControl "5400+30"]

1. c4 b6 2. e4 Bb7 3. Nc3 c5 4. f4 d6 5. Nf3 g6 6. d4 Bg7 7. d5 Nd7 8. Bd3 a6 9. O-O Qc7 10. Qe2 O-O-O 11. Bd2 e5 12. dxe6 fxe6 13. Ng5 Nf8 14. f5 gxf5 15. exf5 Bd4+ 16. Kh1 e5 17. f6 h5 18. Nd5 Bxd5 19. cxd5 e4 20. Bxa6+ Kb8 21. Nxe4 Nh6 22. Bc3 Bxc3 23. bxc3 Re8 24. Qd3 Ng6 25. Ng5 Ne5 26. Qb5 Ka7 27. Qa4 Ra8 28. Bb5+ Kb8 29. Qe4 Ra5 30. a4 Rg8 31. Ne6 Qf7 32. Rae1 Nhg4 33. Qf4 Rg6 34. Nd8 Qf8 35. Nc6+ Nxc6 36. Bxc6 Rxf6 37. Qc1 Rxf1+ 38. Rxf1 Qg7 39. Qf4 Ra7 40. Qxd6+ Rc7 41. Rf8+ 1-0

[Event "7th Ali Ipek Memorial 2019"]
[Site "Ankara"]
[Date "2019.03.09"]
[Round "5.5"]
[White "Kizilkus, Akin"]
[Black "Turkmen, Ataberk"]
[Result "1-0"]
[ECO "E44"]
[WhiteElo "2004"]
[BlackElo "1868"]
[Annotator "NA"]
[PlyCount "55"]
[EventDate "2019.03.06"]
[EventType "swiss"]
[EventCountry "TUR"]
[SourceTitle "playchess.com"]
[Source "ChessBase"]
[SourceQuality "1"]
[TimeControl "5400+30"]

1. d4 Nf6 2. c4 e6 3. Nc3 Bb4 4. e3 O-O 5. Nge2 b6 6. a3 Bxc3+ 7. Nxc3 Bb7 8. Bd3 d6 9. O-O Nbd7 10. f4 d5 11. b3 Ne4 12. Nxe4 dxe4 13. Be2 f5 14. Bb2 Qe7 15. b4 Rfd8 16. g4 Qh4 17. Kh1 Qh3 18. Rg1 Qxe3 19. gxf5 exf5 20. d5 g6 21. Rg3 Qxf4 22. Qd4 Qh6 23. Rh3 Qf8 24. Qh8+ Kf7 25. Qxh7+ Ke8 26. Qxg6+ Qf7 27. Qg5 Nf8 28. Bh5 1-0

[Event "7th Ali Ipek Memorial 2019"]
[Site "Ankara"]
[Date "2019.03.09"]
[Round "5.6"]
[White "Severcan, Sedat Sabri"]
[Black "Yenice, Yusuf Erkan"]
[Result "1/2-1/2"]
[ECO "D43"]
[WhiteElo "1927"]
[BlackElo "1485"]
[Annotator "NA RC"]
[PlyCount "187"]
[EventDate "2019.03.06"]
[EventType "swiss"]
[EventCountry "TUR"]
[SourceTitle "playchess.com"]
[Source "ChessBase"]
[SourceQuality "1"]
[TimeControl "5400+30"]

1. c4 e6 2. Nc3 d5 3. d4 c6 4. Nf3 Nf6 5. Bg5 h6 6. Bxf6 Qxf6 7. a3 Nd7 8. e3 g6 9. Bd3 {[%emt 0:03:30] D43: Semi-Slav: 5 Bg5 h6} (9. e4 dxc4 10. e5 Qd8 11. Bxc4 Bg7 12. Qe2 O-O 13. Rd1 Qc7 14. Kf1 a6 15. h4 Rd8 16. h5 g5 17. Nxg5 Nxe5 18. Nxe6 Bxe6 19. Bxe6 fxe6 20. dxe5 Qxe5 {1-0 (32) Aronian,L (2786)-Tkachiev,V (2642) Moscow 2009}) 9... Bg7 10. O-O O-O 11. Rc1 dxc4 12. Ne4 $146 ({Predecessor:} 12. Bxc4 e5 13. d5 Nb6 14. Ne4 Qe7 15. d6 Qd8 16. Ba2 {1-0 (45) Fakhretdinov,R (2400)-Sitdikov,R Ufa 1999}) 12... Qe7 13. Bxc4 e5 14. Re1 Nb6 15. Ba2 Bg4 16. h3 Bxf3 17. Qxf3 Rad8 18. dxe5 Bxe5 19. Rc2 Nd5 20. g3 Kg7 21. Nd2 Qf6 22. Qxf6+ Nxf6 23. f4 Bc7 24. e4 Rd3 25. Nf1 Nh5 26. Bc4 Rd4 27. e5 Rfd8 28. Kg2 Kf8 29. Ree2 Ng7 30. Ne3 h5 31. h4 Ke7 32. a4 Ba5 33. Nf1 a6 34. Nh2 Rd2 35. Nf3 Rxe2+ 36. Rxe2 b5 37. axb5 axb5 38. Ba2 c5 39. Ng5 c4 40. Ne4 Nf5 41. Bb1 Rd1 42. Nc3 Bxc3 43. Bxf5 Rd2 44. Rxd2 Bxd2 45. Bc8 b4 46. Ba6 c3 47. bxc3 bxc3 48. Bd3 Kf8 49. Kf3 Kg7 50. g4 Be1 51. gxh5 gxh5 52. Ke4 Bxh4 53. f5 Be1 54. f6+ Kf8 55. Kf5 h4 56. Kg4 Bg3 57. Bc2 Bxe5 58. Kxh4 Bxf6+ 59. Kg4 Ke7 60. Kf5 Bg7 61. Bb3 Bh6 62. Bc2 f6 63. Bb3 Bg5 64. Bc2 Kd6 65. Ke4 Kc5 66. Kd3 Kb4 67. Kd4 Bd2 68. Kd3 Ka3 $2 (68... f5 $19 69. Bd1 f4) 69. Ke2 Kb4 70. Bd3 Kc5 71. Kf3 $1 $11 {[%emt 0:00:24] was the only way to keep the balance.} Kd4 72. Bc2 Ke5 73. Kg4 Be1 74. Bg6 Kd4 75. Kf3 Bd2 (75... Kc4 $17 76. Ke2 Bd2) 76. Bc2 $1 Kc5 (76... Bh6 $17 77. Ke2 Kc4) 77. Ke4 Kc4 78. Kf3 Kd5 79. Bf5 Ke5 80. Kg4 Kd6 81. Bc2 Kd5 82. Kf3 $17 Bh6 83. Bf5 Kd6 84. Bc2 Bg5 85. Bf5 Kd5 86. Bc2 Ke6 87. Kg4 Ke5 88. Bf5 Bh6 89. Bc2 Kd4 90. Kf3 Kc4 91. Ke2 Kb4 92. Bf5 Ka3 93. Kd1 Kb2 94. Bc2 1/2-1/2

[Event "7th Ali Ipek Memorial 2019"]
[Site "Ankara"]
[Date "2019.03.09"]
[Round "5.7"]
[White "Cevizci, Yusuf Baran"]
[Black "Vural, Burak"]
[Result "1-0"]
[ECO "C02"]
[WhiteElo "1691"]
[BlackElo "1501"]
[Annotator "NA"]
[PlyCount "115"]
[EventDate "2019.03.06"]
[EventType "swiss"]
[EventCountry "TUR"]
[SourceTitle "playchess.com"]
[Source "ChessBase"]
[SourceQuality "1"]
[TimeControl "5400+30"]

1. e4 c5 2. c3 e6 3. d4 d5 4. e5 Nc6 5. Nf3 Qb6 6. Na3 Bd7 7. Nc2 Nh6 8. Bd3 cxd4 9. cxd4 Nb4 10. Nxb4 Bxb4+ 11. Bd2 Bxd2+ 12. Qxd2 Bb5 13. O-O O-O 14. Bxb5 Qxb5 15. a4 Qa6 16. b4 Rfc8 17. b5 Qb6 18. Rfc1 a6 19. Rxc8+ Rxc8 20. Rc1 Rc4 21. Rxc4 dxc4 22. Qb4 Qc7 23. Qc5 Qxc5 24. dxc5 axb5 25. axb5 Nf5 26. c6 b6 27. Nd4 Ne7 28. Kf1 Nd5 29. Nc2 Kf8 30. Ne3 c3 31. Ke2 Nc7 32. Kd3 Nxb5 33. Nc4 c2 34. Kxc2 Nd4+ 35. Kd3 Nxc6 36. f4 Nb4+ 37. Kd4 Nd5 38. g3 Ke7 39. Nd6 f5 40. Nxf5+ exf5 41. Kxd5 Kd7 42. Kc4 Kc6 43. Kb4 h6 44. Kc4 g5 45. Kb4 g4 46. Kc4 h5 47. Kb4 Kd7 48. Kb5 Kc7 49. e6 Kd6 50. Kxb6 Ke7 51. Kc7 Kxe6 52. Kc6 Kf6 53. Kd6 Kg6 54. Ke6 h4 55. gxh4 Kh6 56. Kxf5 Kh5 57. Kf6 Kxh4 58. Kg6 1-0

[Event "7th Ali Ipek Memorial 2019"]
[Site "Ankara"]
[Date "2019.03.09"]
[Round "5.8"]
[White "Alkan, Sukru"]
[Black "Subasi, Fidel"]
[Result "0-1"]
[ECO "A96"]
[WhiteElo "1455"]
[BlackElo "1692"]
[Annotator "NA"]
[PlyCount "82"]
[EventDate "2019.03.06"]
[EventType "swiss"]
[EventCountry "TUR"]
[SourceTitle "playchess.com"]
[Source "ChessBase"]
[SourceQuality "1"]
[TimeControl "5400+30"]

1. d4 e6 2. Nf3 f5 3. g3 Nf6 4. Bg2 Be7 5. O-O O-O 6. c4 d6 7. b3 Ne4 8. Bb2 Nd7 9. Nbd2 Ndf6 10. Qc2 Qe8 11. Nxe4 Nxe4 12. Nd2 Nxd2 13. Qxd2 Qh5 14. Bf3 Qg6 15. Qc2 a5 16. e4 f4 17. Qe2 Rb8 18. e5 b6 19. Rae1 dxe5 20. dxe5 Bc5 21. Kg2 Ba6 22. a4 c6 23. Be4 Qe8 24. Qd3 Qh5 25. Qf3 Qxf3+ 26. Bxf3 b5 27. cxb5 cxb5 28. Rc1 bxa4 29. Rfd1 Rfc8 30. Rxc5 Rxc5 31. Ba3 Rc3 32. Bd6 Rbxb3 33. Be4 Bb7 34. Bxb7 Rxb7 35. Ra1 f3+ 36. Kh3 Rc4 37. g4 h6 38. Kg3 Rb3 39. Ra2 a3 40. h4 Ra4 41. Rc2 a2 0-1